 Dungeon Crawl Stone Soup version 0.29.0-5-ge4962eb29e (webtiles) character file.

Game seed: 4101226701431873915

9 sanka the Sneak (level 2, -1/26 HPs)
             Began as a Meteoran Delver on Aug 28, 2022.
             Was an Initiate of Trog.
             Succumbed to an adder's poison
             ... on level 2 of the Dungeon.
             The game lasted 00:03:03 (433 turns).

sanka the Sneak (Meteoran Delver)                    Turns: 433, Time: 00:03:03

Health: -1/26      AC:  3    Str: 13    XL:     2   Next: 41%
Magic:  3/3        EV: 12    Int: 11    God:    Trog [......]
Gold:   10         SH:  0    Dex: 15    Spells: 1/1 levels left

rFire   . . .      SeeInvis .   a - +0 hand axe
rCold   . . .      Faith    .   (no shield)
rNeg    . . .      Spirit   .   b - +0 leather armour
rPois   .          Reflect  .   (no helmet)
rElec   .          Harm     .   (no cloak)
rCorr   .          Rampage  .   (no gloves)
Will    .....                   (no boots)
Stlth   +.........              (no amulet)
HPRegen 0.08/turn               (no ring)
MPRegen 0.08/turn               (no ring)

@: lethally poisoned (-1 -> -6), glowing
A: sense surroundings 1, otherworldly, glowing, explore regen
a: Renounce Religion


You were on level 2 of the Dungeon.
You worshipped Trog.
Trog was noncommittal.
You visited 2 branches of the dungeon, and saw 5 of its levels.

You collected 10 gold pieces.


Innate Abilities, Weirdness & Mutations

You passively map a small area around you.
You are easily found by Zot.
You glow in the dark.
You regain HP and MP as you explore.


   Skills:
 - Level 3.2 Fighting
 + Level 3.4 Axes
 - Level 2.4 Dodging
 - Level 3.7 Stealth


You had one spell level left.
You didn't know any spells.
Your spell library was empty.

Inventory:

Hand Weapons
 a - a +0 hand axe (weapon)
Armour
 b - a +0 leather armour (worn)
 h - a +0 buckler
Wands
 g - a wand of digging (3)
Scrolls
 c - a scroll of fog
 d - a scroll of magic mapping
 e - a scroll of fear
 f - a scroll of acquirement {unknown}

Dungeon Overview and Level Annotations

Branches:
Dungeon (5/15) Zot: 2159   Temple (1/1) D:4 Zot: 409

Altars:
Ashenzari
Dithmenos
Elyvilon
Fedhas
Gozag
Hepliaklqana
Kikubaaqudgha
Makhleb
Qazlal
Ru
Sif Muna
Trog
Uskayaw
Vehumet
Wu Jian
Xom
Yredelemnul
Zin
The Shining One

Annotations:
D:3 Sigmund
D:4 Grinder

▒.▒,░ , ░ ▒.▒
░░░ ░ ▒.▒,░ ,░
░░ ▒.▒, ░░ , ,
▒.▒ , ░
▒.▒▒▒▒▒▒▒
▒▒▒▒▒▒▒........
▒▒........S▒▒▒..
,, .......)..p▒
...........▒ ░ ░
, ...........▒ ░
░ ...........▒ ░
░ ...........+,
...........▒░, ░
▒▒..........▒ ,,
▒..........▒
▒▒▒▒▒▒▒▒▒▒..▒ ,


You could see an adder.


Message History

The adder bites you.
* * * LOW HITPOINT WARNING * * *
You hit the adder but do no damage.
The adder is severely wounded.
You feel sick.
You are no longer poisoned.
The adder closely misses you.
You completely miss the adder.
The adder is severely wounded.
The adder misses you. The adder misses you.
Unknown command.
You closely miss the adder.
The adder is severely wounded.
The adder bites you but does no damage.
Unknown command.
You barely miss the adder.
The adder is severely wounded.
The adder completely misses you. The adder bites you.
* * * LOW HITPOINT WARNING * * *
You are lethally poisoned!
The adder poisons you!
Unknown command.
You aren't carrying any potions.
Okay, then.
Okay, then.
You closely miss the adder.
The adder is severely wounded.
You die...

Action                   || total
-------------------------++-------
Melee: Hand axe          ||    38
       Punch             ||     1
  Use: Potion            ||     1
Armor: Leather armour    ||    10
Dodge: Dodged            ||    17

Levels and vault maps discovered:
D:2:      layout_basic, uniq_robin, uniq_terence
D:3:      layout_loops_corners, nicolae_wormholes, uniq_sigmund, uniq_jessica
D:4:      layout_basic, minmay_temple_entry_stoned_glass, uniq_pikel,
          uniq_grinder, uniq_crazy_yiuf_cottage
D:5:      layout_loops_ring, chequers_temple_overflow_statue_of_worship,
          serial_shops, shop, chequers_serial_rivers_large_a, uniq_ijyb
Temple:   nicolae_temple_bog_church

Notes
Turn   | Place    | Note
-------+----------+-------------------------------------------
     0 | D:5      | sanka the Meteoran Delver began the quest for the Orb.
     0 | D:5      | Reached XP level 1. HP: 19/19 MP: 2/2
    10 | D:4      | Found a staircase to the Ecumenical Temple.
    31 | Temple   | Entered the Ecumenical Temple
   207 | Temple   | Became a worshipper of Trog the Wrathful
   253 | D:4      | Noticed an orc wizard
   271 | D:4      | Reached skill level 3 in Axes
   271 | D:4      | Reached XP level 2. HP: 26/26 MP: 3/3
   296 | D:4      | Noticed Grinder
   297 | D:4      | Noticed a lemure
   297 | D:4      | Noticed a lemure
   328 | D:3      | Noticed Sigmund
   432 | D:2      | HP: 1/26 [adder (4)]
   433 | D:2      | Succumbed to an adder's poison

Vanquished Creatures
  An orc (D:4)
  2 ball pythons
  2 hobgoblins (D:4)
  A kobold (D:2)
  A bat (D:2)
  A rat (D:2)
8 creatures vanquished.
